BOTTOM OF THE 1ST |
Chesapeake Continentals batting - Pitching for Northville Eclipse : LHP Nobuhito Tanaka
|
Pitching: LHP Nobuhito Tanaka
|
|
Batting: RHB Marcos Alfaro
|
0-0: Ball 1-0: Foul Ball, location: 2F 1-1: Ball 2-1: Called Strike 2-2: Ball 3-2: Base on Balls
|
Batting: SHB Dave Atkins
|
0-0: Ball 1-0: Ball 2-0: Grounds into double play, 6-4-3 (Groundball, 6M)
|
Batting: RHB Rand McNally
|
0-0: Called Strike 0-1: Ball 1-1: Ball 2-1: Ground out 1-3 (Groundball, 13S)
|
Bottom of the 1st over - 0 runs, 0 hits, 0 errors, 0 left on base; Northville 1 - Chesapeake 0 |
TOP OF THE 2ND |
Northville Eclipse batting - Pitching for Chesapeake Continentals : RHP Obadiah Small
|
Batting: RHB Luis Guerrero
|
0-0: SINGLE (Line Drive, 6M)
|
Batting: LHB Octávio Ontiveros
|
0-0: Called Strike 0-1: Ball 1-1: Ball 2-1: Ball 3-1: Swinging Strike 3-2: Fly out, F9 (Flyball, 89S)
|
Batting: RHB Alfonso Grappasonni
|
0-0: Called Strike 0-1: Called Strike 0-2: Ball 1-2: SINGLE (Groundball, 56D) Luis Guerrero to second
|
Batting: SHB Raúl Rodríguez
|
0-0: Grounds into double play, 3-6-1 (Groundball, 34)
|
Top of the 2nd over - 0 runs, 2 hits, 0 errors, 1 left on base; Northville 1 - Chesapeake 0 |
BOTTOM OF THE 2ND |
Chesapeake Continentals batting - Pitching for Northville Eclipse : LHP Nobuhito Tanaka
|
Batting: RHB Syed Sarkar
|
0-0: Ball 1-0: Swinging Strike 1-1: SINGLE (Groundball, 56D)
|
Batting: RHB Alejandro Pérez
|
0-0: Swinging Strike 0-1: Foul Ball, location: 2F 0-2: Ball 1-2: Ball 2-2: Fly out, F3 (Line Drive, 3) Lined into DP, U3 (Line Drive, 3)
|
Batting: RHB Tommy Socorro
|
0-0: Foul Ball, location: 2F 0-1: Ball 1-1: Swinging Strike 1-2: Strikes out swinging
|
Bottom of the 2nd over - 0 runs, 1 hit, 0 errors, 0 left on base; Northville 1 - Chesapeake 0 |
TOP OF THE 3RD |
Northville Eclipse batting - Pitching for Chesapeake Continentals : RHP Obadiah Small
|
Batting: RHB Orlando Sánchez
|
0-0: Ball 1-0: Ground out 6-3 (Groundball, 56D)
|
Batting: LHB Darrell Woodmansee
|
0-0: Called Strike 0-1: Called Strike 0-2: Strikes out swinging
|
Batting: RHB Augusto Rocha
|
0-0: Called Strike 0-1: Ball 1-1: Ball 2-1: Ball 3-1: Called Strike 3-2: Base on Balls
|
Batting: LHB Edgardo De Jesús
|
0-0: Foul Ball, location: 2F 0-1: Ball 1-1: Ground out 4-3 (Groundball, 34)
|
Top of the 3rd over - 0 runs, 0 hits, 0 errors, 1 left on base; Northville 1 - Chesapeake 0 |
BOTTOM OF THE 3RD |
Chesapeake Continentals batting - Pitching for Northville Eclipse : LHP Nobuhito Tanaka
|
Batting: RHB Micheal Lovell
|
0-0: Ball 1-0: Ball 2-0: Called Strike 2-1: Ball 3-1: Fly out, F3 (Line Drive, 3)
|
Now at 1B: Scott McMahon
|
|
Batting: RHB Dani Durán
|
0-0: Swinging Strike 0-1: Called Strike 0-2: Ball 1-2: Foul Ball, location: 2F 1-2: Ball 2-2: Foul Ball, location: 2F 2-2: Foul Ball, location: 2F 2-2: Foul Ball, location: 2F 2-2: SINGLE (Flyball, 8LS)
|
Batting: RHB Wes Griffith
|
0-0: Ball 1-0: Called Strike 1-1: Ball 2-1: Called Strike 2-2: Ball 3-2: Base on Balls Dani Durán to second
|
Batting: RHB Marcos Alfaro
|
0-0: Ball 1-0: Ground out 5-3 (Groundball, 56S) Dani Durán to third Wes Griffith to second
|
Batting: SHB Dave Atkins
|
0-0: Called Strike 0-1: SINGLE (Groundball, 56D) Dani Durán scores Wes Griffith to third Runner from 3rd tries for Home, SAFE, no throw
|
Batting: RHB Rand McNally
|
0-0: Ball 1-0: Ball 2-0: Ball Pickoff Throw by Catcher to First - Error! E2 Dave Atkins to second 3-0: Base on Balls
|
Batting: RHB Syed Sarkar
|
0-0: Foul Ball, location: 2F 0-1: Swinging Strike 0-2: Foul Ball, location: 2F 0-2: Strikes out swinging
|
Bottom of the 3rd over - 2 runs, 2 hits, 1 error, 2 left on base; Northville 1 - Chesapeake 2 |
TOP OF THE 4TH |
Northville Eclipse batting - Pitching for Chesapeake Continentals : RHP Obadiah Small
|
Batting: RHB Cosmo Bjorkenheim
|
0-0: SINGLE (Groundball, 6MD)
|
Batting: RHB Luis Guerrero
|
0-0: Fielders Choice at 2nd, 4-6 (Groundball, 4)
|
Batting: LHB Octávio Ontiveros
|
0-0: Ball 1-0: Ball Luis Guerrero steals 2nd base 2-0: Ball 3-0: Called Strike 3-1: Base on Balls
|
Batting: RHB Alfonso Grappasonni
|
0-0: Called Strike 0-1: Ball 1-1: Ball 2-1: Ball 3-1: Base on Balls Luis Guerrero to third Octávio Ontiveros to second
|
Batting: SHB Raúl Rodríguez
|
0-0: Called Strike 0-1: Swinging Strike 0-2: Ball 1-2: Ball 2-2: Ball 3-2: Fly out, F9 (Flyball, 9D) Runner from 3rd tags up, SCORES, throw made
|
Now in RF: Ángel Pineda
|
|
Batting: RHB Scott McMahon
|
0-0: Foul Ball, location: 2F 0-1: Ball 1-1: Ball 2-1: Ball 3-1: Fielders Choice at 2nd, 6-4 (Groundball, 6)
|
Top of the 4th over - 1 run, 1 hit, 0 errors, 2 left on base; Northville 2 - Chesapeake 2 |
BOTTOM OF THE 4TH |
Chesapeake Continentals batting - Pitching for Northville Eclipse : LHP Nobuhito Tanaka
|
Batting: RHB Alejandro Pérez
|
0-0: Swinging Strike 0-1: Foul Ball, location: 2F 0-2: Strikes out looking
|
Batting: RHB Tommy Socorro
|
0-0: Called Strike 0-1: Ball 1-1: Called Strike 1-2: Fly out, F9 (Flyball, 9S)
|
Batting: RHB Micheal Lovell
|
0-0: Foul Ball, location: 2F 0-1: Swinging Strike 0-2: Fly out, F8 (Flyball, 8RM)
|
Bottom of the 4th over - 0 runs, 0 hits, 0 errors, 0 left on base; Northville 2 - Chesapeake 2 |
TOP OF THE 5TH |
Northville Eclipse batting - Pitching for Chesapeake Continentals : RHP Obadiah Small
|
Batting: LHB Darrell Woodmansee
|
0-0: Swinging Strike 0-1: Swinging Strike 0-2: Ball 1-2: Ground out 5-3 (Groundball, 56)
|
Batting: RHB Augusto Rocha
|
0-0: Ball 1-0: Foul Ball, location: 2F 1-1: DOUBLE (Groundball, 5L)
|
Batting: LHB Edgardo De Jesús
|
0-0: Ground out 4-3 (Groundball, 4) Augusto Rocha to third
|
Batting: RHB Cosmo Bjorkenheim
|
0-0: Called Strike 0-1: Swinging Strike 0-2: Ball 1-2: Strikes out swinging
|
Top of the 5th over - 0 runs, 1 hit, 0 errors, 1 left on base; Northville 2 - Chesapeake 2 |
BOTTOM OF THE 5TH |
Chesapeake Continentals batting - Pitching for Northville Eclipse : LHP Nobuhito Tanaka
|
Batting: LHB Ángel Pineda
|
0-0: Called Strike 0-1: Fly out, F7 (Line Drive, 7)
|
Batting: RHB Wes Griffith
|
0-0: Called Strike 0-1: Ground out U3 (Groundball, 34)
|
Batting: RHB Marcos Alfaro
|
0-0: SINGLE (Groundball, 56D)
|
Batting: SHB Dave Atkins
|
0-0: Ball 1-0: Called Strike 1-1: Fly out, F7 (Flyball, 78S)
|
Bottom of the 5th over - 0 runs, 1 hit, 0 errors, 1 left on base; Northville 2 - Chesapeake 2 |
TOP OF THE 6TH |
Northville Eclipse batting - Pitching for Chesapeake Continentals : RHP Obadiah Small
|
Batting: RHB Luis Guerrero
|
0-0: Ball 1-0: Foul Ball, location: 2F 1-1: Ball 2-1: Ground out 3-1 (Groundball, 34)
|
Batting: LHB Octávio Ontiveros
|
0-0: Ball 1-0: Ball 2-0: DOUBLE (Flyball, 89D)
|
Batting: RHB Alfonso Grappasonni
|
0-0: Ball Octávio Ontiveros steals 3rd base 1-0: Foul Ball, location: 2F 1-1: Ball 2-1: Ground out 6-3 (Groundball, 6) Octávio Ontiveros scores
|
Batting: SHB Raúl Rodríguez
|
0-0: Called Strike 0-1: Ground out 1-3 (Groundball, 13S)
|
Top of the 6th over - 1 run, 1 hit, 0 errors, 0 left on base; Northville 3 - Chesapeake 2 |
BOTTOM OF THE 6TH |
Chesapeake Continentals batting - Pitching for Northville Eclipse : LHP Nobuhito Tanaka
|
Batting: RHB Rand McNally
|
0-0: Ball 1-0: Ball 2-0: Called Strike 2-1: Ball 3-1: Base on Balls
|
Batting: RHB Syed Sarkar
|
0-0: Called Strike 0-1: Swinging Strike 0-2: Ball 1-2: Ball 2-2: Ball 3-2: Strikes out swinging Rand McNally steals 2nd base Batter strikes out.
|
Batting: RHB Alejandro Pérez
|
0-0: Foul Ball, location: 2F 0-1: Foul Ball, location: 2F 0-2: Ball 1-2: Foul Ball, location: 2F 1-2: Foul Ball, location: 2F 1-2: Foul Ball, location: 2F 1-2: Ball 2-2: Foul Ball, location: 2F 2-2: Ground out 5-3 (Groundball, 5L)
|
Batting: RHB Tommy Socorro
|
0-0: Ball 1-0: Ball 2-0: Called Strike 2-1: Ball 3-1: Foul Ball, location: 2F 3-2: Fly out, F8 (Line Drive, 8LD)
|
Bottom of the 6th over - 0 runs, 0 hits, 0 errors, 1 left on base; Northville 3 - Chesapeake 2 |
TOP OF THE 7TH |
Northville Eclipse batting - Pitching for Chesapeake Continentals : RHP Obadiah Small
|
Batting: RHB Scott McMahon
|
0-0: Called Strike 0-1: Foul Ball, location: 2F 0-2: Ball 1-2: Strikes out swinging
|
Batting: LHB Darrell Woodmansee
|
0-0: Ball 1-0: Ground out 1-3 (Groundball, 15S)
|
Batting: RHB Augusto Rocha
|
0-0: Called Strike 0-1: Foul Ball, location: 2F 0-2: Ball 1-2: Fly out, F7 (Flyball, 7LD)
|
Top of the 7th over - 0 runs, 0 hits, 0 errors, 0 left on base; Northville 3 - Chesapeake 2 |
BOTTOM OF THE 7TH |
Chesapeake Continentals batting - Pitching for Northville Eclipse : LHP Nobuhito Tanaka
|
Batting: RHB Micheal Lovell
|
0-0: Ground out U3 (Groundball, 3L)
|
Batting: LHB Ángel Pineda
|
0-0: Ball 1-0: Called Strike 1-1: Ground out 4-3 (Groundball, 4M)
|
Batting: RHB Wes Griffith
|
0-0: Called Strike 0-1: Called Strike 0-2: Ball 1-2: Ball 2-2: Fly out, F9 (Flyball, 9D)
|
Bottom of the 7th over - 0 runs, 0 hits, 0 errors, 0 left on base; Northville 3 - Chesapeake 2 |
TOP OF THE 8TH |
Northville Eclipse batting - Pitching for Chesapeake Continentals : RHP Obadiah Small
|
Batting: LHB Edgardo De Jesús
|
0-0: Swinging Strike 0-1: Ball 1-1: Fly out, F7 (Flyball, 78M)
|
Pitching: RHP Raúl Flores
|
|
Batting: RHB Cosmo Bjorkenheim
|
0-0: Called Strike 0-1: Fly out, F7 (Line Drive, 7)
|
Batting: RHB Luis Guerrero
|
0-0: Fly out, F8 (Flyball, 8LS)
|
Top of the 8th over - 0 runs, 0 hits, 0 errors, 0 left on base; Northville 3 - Chesapeake 2 |
BOTTOM OF THE 8TH |
Chesapeake Continentals batting - Pitching for Northville Eclipse : LHP Nobuhito Tanaka
|
Pitching: RHP Cisco Andr
|
|
Batting: RHB Marcos Alfaro
|
0-0: Ground out 6-3 (Groundball, 56)
|
Batting: SHB Dave Atkins
|
0-0: Ball 1-0: Ball 2-0: Fly out, F4 (Line Drive, 34)
|
Batting: RHB Rand McNally
|
0-0: Ball 1-0: Ball 2-0: Ball 3-0: Called Strike 3-1: Ground out 6-3 (Groundball, 6)
|
Bottom of the 8th over - 0 runs, 0 hits, 0 errors, 0 left on base; Northville 3 - Chesapeake 2 |
TOP OF THE 9TH |
Northville Eclipse batting - Pitching for Chesapeake Continentals : RHP Raúl Flores
|
Batting: LHB Octávio Ontiveros
|
0-0: Ball 1-0: Called Strike 1-1: Swinging Strike 1-2: Foul Ball, location: 2F 1-2: Ball 2-2: Strikes out swinging
|
Batting: RHB Alfonso Grappasonni
|
0-0: Ball 1-0: Ball 2-0: Foul Ball, location: 2F 2-1: Ball 3-1: Swinging Strike 3-2: Base on Balls
|
Batting: SHB Raúl Rodríguez
|
0-0: Ball Alfonso Grappasonni steals 2nd base 1-0: Called Strike 1-1: Ground out 4-3 (Groundball, 4) Alfonso Grappasonni to third
|
Pinch Hitting: LHB Carlos Garza
|
0-0: Ball 1-0: Called Strike 1-1: Swinging Strike 1-2: Strikes out swinging
|
Top of the 9th over - 0 runs, 0 hits, 0 errors, 1 left on base; Northville 3 - Chesapeake 2 |
BOTTOM OF THE 9TH |
Chesapeake Continentals batting - Pitching for Northville Eclipse : RHP Cisco Andr
|
Pitching: RHP Javier Luna
|
|
Now at 1B: Luis Hernández
|
|
Batting: RHB Syed Sarkar
|
0-0: Ball 1-0: Ball 2-0: SINGLE (Groundball, 56D)
|
Pinch Runner at 1st Sisay Jitu:
|
|
Batting: RHB Alejandro Pérez
|
0-0: Called Strike 0-1: Foul Ball, location: 2F 0-2: Foul Ball, location: 2F 0-2: Ball 1-2: Ball 2-2: Foul Ball, location: 2F 2-2: Foul Ball, location: 2F 2-2: Foul Ball, location: 2F 2-2: Grounds into double play, 1-6-3 (Groundball, 13S)
|
Batting: RHB Tommy Socorro
|
0-0: Ball 1-0: Swinging Strike 1-1: Swinging Strike 1-2: Foul Ball, location: 2F 1-2: Ball 2-2: Fly out, F4 (Popup, 23)
|
Bottom of the 9th over - 0 runs, 1 hit, 0 errors, 0 left on base; Northville 3 - Chesapeake 2 |
|